 Dungeon Crawl Stone Soup version 0.20.1-1-g8b1a95d (webtiles) character file.

2802 pstr the Destroyer (level 10, 0/82 HPs)
             Began as a Kobold Conjurer on Nov 14, 2017.
             Was a Follower of Qazlal.
             Slain by an orc warrior
             ... wielding a +0 battleaxe
              (15 damage)
             ... in a bailey on Nov 15, 2017.
             The game lasted 00:34:34 (10996 turns).

pstr the Destroyer (Kobold Conjurer)               Turns: 10996, Time: 00:34:35

Health: 0/82       AC: 25    Str:  4    XL:     10   Next: 2%
Magic:  18/18      EV:  3    Int: 25    God:    Qazlal [*.....]
Gold:   464        SH:  0    Dex: 15    Spells: 20/23 levels left

rFire    . . .     SeeInvis .   K - +5 falchion (pain)
rCold    + + .     Gourm    .   (shield restricted)
rNeg     + + +     Faith    .   (armour currently unavailable)
rPois    +         Spirit   .   (helmet currently unavailable)
rElec    +         Reflect  .   (cloak currently unavailable)
rCorr    +         Harm     .   (gloves currently unavailable)
MR       .....     NoTele   +   (boots currently unavailable)
Stlth    +.........             J - amulet of rage
Regen    0.3/turn               G - ring of ice
MPRegen  0.2/turn               y - ring of poison resistance (curse)

@: confused, brilliant, tree-form, resistant
A: carnivore 3, low mp 1, weak 1, wild magic 1
a: Renounce Religion, Evoke Berserk Rage


You were in a bailey.
You worshipped Qazlal.
Qazlal was aware of your devotion.
You were completely stuffed.
You were a tree.
You visited 2 branches of the dungeon, and saw 9 of its levels.
You also visited: Sewer and Bailey.

You collected 464 gold pieces.

Inventory:

Hand Weapons
 q - a +1 spear of venom
 K - a +5 falchion of pain (weapon)
Missiles
 j - 155 stones (quivered)
 m - 144 arrows
Armour
 a - a +0 robe
 n - a +0 leather armour
 t - a +0 troll leather armour
 v - a +1 ring mail (melded)
 Q - a +0 pair of boots (melded)
Magical Staves
 R - an uncursed staff of energy {unknown}
Jewellery
 g - an uncursed ring of protection from cold
 h - an uncursed ring of positive energy
 p - an uncursed ring of resist corrosion
 y - a cursed ring of poison resistance (right branch)
 G - a ring of ice (left branch)
 J - an amulet of rage (around neck)
 L - an uncursed amulet of rage
Wands
 N - a wand of acid (12/15)
Scrolls
 d - a scroll of identify
 e - 5 scrolls of recharging
 k - 2 scrolls of noise
 o - a scroll of fear
 s - a scroll of random uselessness
 u - 3 scrolls of teleportation
 A - a scroll of blinking {unknown}
 F - a scroll of remove curse
 I - a scroll of magic mapping {unknown}
Potions
 i - a potion of flight
 r - a potion of lignification
Books
 b - a book of Conjurations

   Spells                             Type                      Level
   a - Magic Dart                     Conjuration                  1
   b - Searing Ray                    Conjuration                  2
   c - Dazzling Spray                 Conjuration/Hexes            3
   d - Fulminant Prism                Conjuration/Hexes            4
   e - Force Lance                    Conjuration/Translocation    4
   f - Iskenderun's Mystic Blast      Conjuration                  4
 H - a book of Cantrips

   Spells                             Type                      Level
   a - Confusing Touch                Hexes                        1
   b - Animate Skeleton               Necromancy                   1
   c - Summon Small Mammal            Summoning                    1
   d - Apportation                    Translocation                1
Comestibles
 c - 2 meat rations
 O - 6 chunks of flesh
 P - a royal jelly


   Skills:
 + Level 2.9 Fighting
 + Level 1.0 Long Blades
 + Level 2.5 Polearms
 + Level 4.8 Armour
 + Level 4.4 Dodging
 + Level 4.4 Stealth
 + Level 0.4 Unarmed Combat
 + Level 7.0 Spellcasting
 + Level 8.0 Conjurations


You had 20 spell levels left.
You knew the following spells:

 Your Spells              Type           Power        Failure   Level  Hunger
a - Magic Dart            Conj           ####         1%          1    None
b - Searing Ray           Conj           ######       1%          2    None


Dungeon Overview and Level Annotations

Branches:
Dungeon (8/15)             Temple (1/1) D:6
   Lair: D:8-11

Altars:
Ashenzari
Dithmenos
Elyvilon
Fedhas
Gozag
Hepliaklqana
Kikubaaqudgha
Makhleb
Nemelex Xobeh
Qazlal
Ru
Sif Muna
Trog
Uskayaw
Vehumet
Xom
Zin


Innate Abilities, Weirdness & Mutations

You are small and have problems with some larger weapons.
You are carnivorous and can eat meat at any time.
((You are partially covered in yellow scales. (AC +2)))
Your magical capacity is low. (-10% MP)
You are weak. (Str -2)
Your spells are a little harder to cast, but a little more powerful.


Message History

It was a potion of resistance.
You feel protected.
The orc warrior hits you but does no damage.
You block the kobold's attack.
It was a potion of curing.
You feel better. The orc warrior completely misses you. The kobold hits you.
The orc warrior hits you with a battleaxe!
* * * LOW HITPOINT WARNING * * *
It was a potion of ambrosia.
You are confused.
You feel invigorated.
The orc warrior hits you with a war axe!
* * * LOW HITPOINT WARNING * * *
The kobold hits you but does no damage.
It was a potion of mutation.
You feel extremely strange.
You feel less in control of your magic.
You feel weaker.
You feel less energetic.
Yellow scales grow over part of your body.
The orc warrior hits you with a battleaxe!
You die...

+≈≈.......≈≈(
#≈≈..(.(..≈≈###
+≈≈.....((≈≈(.
#≈≈.......≈≈###
'≈≈.......≈≈'.'
#≈≈.......≈≈#
#≈...o)K.≈#
#.o♣# #...#
##'''##
##..∩..##
#.......#
#...∩(..#
##.....##
#######


You could see 2 orc warriors and a kobold.

Vanquished Creatures
  A hippogriff (D:7)
  Eustachio (D:5)
  Duvessa (D:6)
  An orc warrior (Bailey)
  A necrophage (D:6)
  3 centaurs
  5 big kobolds
  Blork the orc (D:6)
  Dowan (D:6)
  2 scorpions
  3 killer bees (D:7)
  4 wights (D:6)
  3 crimson imps
  A hound (D:4)
  2 jellies (D:6)
  2 centaur zombies (D:5)
  3 orc priests
  An iguana (D:4)
  Jessica (D:3)
  9 orc wizards
  4 worker ants
  A hound zombie (D:5)
  A worker ant zombie (D:5)
  A gnoll (Bailey)
  9 adders
  A howler monkey skeleton (D:4)
  A river rat (D:3)
  8 oozes
  An adder skeleton (D:7)
  13 worms
  2 dart slugs (D:2)
  5 leopard geckos
  14 orcs
  10 bats
  8 giant cockroaches
  4 goblins
  6 hobgoblins
  9 jackals
  4 quokkas
  4 ball pythons (Sewer)
  5 frilled lizards
  21 kobolds
  A quokka skeleton (D:4)
  19 rats
  A fungus (D:6)
199 creatures vanquished.

Vanquished Creatures (others)
  A killer bee zombie (D:6)
  2 fungi (D:6)
3 creatures vanquished.

Grand Total: 202 creatures vanquished

Notes
Turn   | Place    | Note
-------+----------+-------------------------------------------
     0 | D:1      | pstr the Kobold Conjurer began the quest for the Orb.
     0 | D:1      | Reached XP level 1. HP: 10/10 MP: 3/3
   295 | D:1      | Reached XP level 2. HP: 14/15 MP: 0/5
   299 | D:1      | Learned a level 2 spell: Searing Ray
   765 | D:1      | Reached XP level 3. HP: 19/19 MP: 4/6
  1941 | D:2      | Reached XP level 4. HP: 24/24 MP: 5/8
  3112 | D:3      | Found a glowing drain.
  3119 | Sewer    | Entered a sewer
  3196 | Sewer    | Reached skill level 5 in Conjurations
  3326 | Sewer    | Noticed a big kobold
  3332 | Sewer    | Reached XP level 5. HP: 28/28 MP: 4/9
  3340 | Sewer    | Killed a big kobold
  3340 | Sewer    | Reached skill level 1 in Armour
  3518 | Sewer    | Noticed a big kobold
  3543 | Sewer    | Killed a big kobold
  3543 | Sewer    | Reached skill level 1 in Polearms
  3543 | Sewer    | Reached XP level 6. HP: 24/32 MP: 0/11
  3773 | Sewer    | Reached XP level 7. HP: 35/36 MP: 3/12
  4808 | D:3      | Noticed Jessica
  4824 | D:3      | Killed Jessica
  5954 | D:4      | Reached skill level 6 in Conjurations
  6459 | D:4      | Reached XP level 8. HP: 34/42 MP: 4/14
  6528 | D:4      | Reached skill level 1 in Fighting
  6734 | D:5      | Entered Level 5 of the Dungeon
  7307 | D:5      | Noticed Eustachio
  7322 | D:5      | Killed Eustachio
  7322 | D:5      | Reached skill level 5 in Spellcasting
  7749 | D:5      | Found a sacrificial altar of Ru.
  8397 | D:6      | Noticed Duvessa
  8397 | D:6      | Noticed Dowan
  8406 | D:6      | Killed Duvessa
  8406 | D:6      | Reached XP level 9. HP: 42/48 MP: 4/17
  8417 | D:6      | Killed Dowan
  8417 | D:6      | Reached skill level 7 in Conjurations
  8561 | D:6      | Noticed Blork the orc
  8568 | D:6      | Killed Blork the orc
  9175 | D:6      | Found a staircase to the Ecumenical Temple.
  9185 | Temple   | Entered the Ecumenical Temple
  9257 | Temple   | Became a worshipper of Qazlal Stormbringer
 10742 | D:7      | Reached * piety under Qazlal
 10789 | D:7      | Noticed a hippogriff
 10795 | D:7      | Killed a hippogriff
 10858 | D:7      | Found a flagged portal.
 10891 | Bailey   | Entered a bailey
 10977 | Bailey   | Reached skill level 1 in Long Blades
 10977 | Bailey   | Reached skill level 8 in Conjurations
 10977 | Bailey   | Reached XP level 10. HP: 50/55 MP: 2/20
 10996 | Bailey   | Gained mutation: Your spells are a little harder to cast, but a little more powerful. [potion of mutation]
 10996 | Bailey   | Gained mutation: You are weak. (Str -2) [potion of mutation]
 10996 | Bailey   | Gained mutation: Your magical capacity is low. (-10% MP) [potion of mutation]
 10996 | Bailey   | Gained mutation: You are partially covered in yellow scales. (AC +2) [potion of mutation]
 10996 | Bailey   | Slain by an orc warrior

Skill      XL: |  1  2  3  4  5  6  7  8  9 |
---------------+----------------------------+-----
Stealth        | 3 4 |  4.4
Conjurations   | 5 6 8 |  8.0
Spellcasting   | 3 4 5 7 |  7.0
Armour         | 1 3 4 |  4.8
Dodging        | 3 4 |  4.4
Polearms       | 1 2 |  2.5
Fighting       | 1 2 |  2.9
Long Blades    | 1 |  1.0
Unarmed Combat | |  0.4

Action                   |  1- 3 |  4- 6 |  7- 9 | 10-12 || total
-------------------------+-------+-------+-------+-------++-------
Melee: Unarmed           |    39 |       |       |       ||    39
       Spear             |       |    35 |    21 |       ||    56
       Punch             |       |       |     1 |       ||     1
       Falchion          |       |       |    22 |     6 ||    28
 Cast: Magic Dart        |    48 |    18 |    51 |       ||   117
       Searing Ray       |    13 |    22 |   138 |     2 ||   175
  Use: Scroll            |       |       |    11 |       ||    11
       Potion            |       |       |       |     8 ||     8
  Eat: Chunk             |    13 |     6 |    25 |       ||    44
Armor: Robe              |    29 |       |       |       ||    29
       Ring mail         |       |    26 |    59 |       ||    85
       Skin              |       |       |       |    19 ||    19
Dodge: Dodged            |    78 |    34 |   156 |     3 ||   271
Block: Other             |       |       |     2 |     3 ||     5
       Rpst.: Falchion   |       |       |    25 |     2 ||    27
